 Dungeon Crawl Stone Soup version 0.22-a0-419-g492bfec (webtiles) character file.

805 galech the Thaumaturge (level 7, -6/51 HPs)
             Began as a Gnoll Wanderer on May 15, 2018.
             Mangled by an ogre
             ... wielding a +0 giant club
              (22 damage)
             ... on level 5 of the Dungeon.
             The game lasted 00:11:54 (5546 turns).

galech the Thaumaturge (Gnoll Wanderer)             Turns: 5546, Time: 00:11:55

Health: -6/51      AC:  7    Str: 15    XL:     7   Next: 91%
Magic:  29/29      EV: 13    Int: 13    God:
Gold:   262        SH:  0    Dex: 17    Spells: 19/25 levels left

rFire    . . .     SeeInvis .   B - +2 quarterstaff (chaos)
rCold    . . .     Gourm    .   (shield currently unavailable)
rNeg     . . .     Faith    .   u - +0 leather armour
rPois    .         Spirit   .   v - +2 helmet
rElec    .         Reflect  .   C - +0 cloak
rCorr    +         Harm     .   (no gloves)
MR       .....                  (no boots)
Stlth    ++........             (no amulet)
HPRegen  0.17/turn              D - ring of resist corrosion
MPRegen  0.21/turn              y - ring of magical power

@: no status effects
A: distributed training, fangs 1, strong nose
a: no special abilities


You were on level 5 of the Dungeon.
You were not hungry.

You visited 1 branch of the dungeon, and saw 5 of its levels.

You collected 262 gold pieces.

Inventory:

Hand Weapons
 e - a +0 club
 h - a +0 spear
 B - a +2 quarterstaff of chaos (weapon)
Armour
 a - a +1 hat
 d - a +0 robe
 m - a +0 large shield
 n - a +0 chain mail
 u - a +0 leather armour (worn)
 v - a +2 helmet (worn)
 C - a +0 cloak (worn)
Jewellery
 r - an uncursed ring of protection from cold
 y - a ring of magical power (right hand)
 D - a ring of resist corrosion (left hand)
Scrolls
 b - 3 scrolls of identify {unknown}
 c - 4 scrolls of teleportation
 i - 2 scrolls of enchant weapon {unknown}
 j - 4 scrolls of remove curse {unknown}
 k - a scroll of fog {unknown}
 l - a scroll of magic mapping {unknown}
 p - a scroll of immolation {unknown}
 q - 2 scrolls of fear {unknown}
 t - a scroll of blinking {unknown}
 w - a scroll of enchant armour {unknown}
Potions
 g - 3 potions of heal wounds {unknown}
 o - 5 potions of curing {unknown}
 s - 4 potions of flight {unknown}
 x - 2 potions of agility {unknown}
 z - a potion of degeneration {unknown}
 A - a potion of invisibility {unknown}
 E - a potion of might {unknown}
Comestibles
 f - 9 rations


   Skills:
 + Level 2.7 Fighting
 + Level 2.7 Short Blades
 + Level 2.7 Long Blades
 + Level 2.7 Axes
 + Level 2.7 Maces & Flails
 + Level 2.7 Polearms
 + Level 2.7 Staves
 + Level 2.7 Slings
 + Level 2.7 Bows
 + Level 2.7 Crossbows
 + Level 3.8 Throwing
 + Level 2.7 Armour
 + Level 2.7 Dodging
 + Level 2.7 Stealth
 + Level 2.7 Shields
 + Level 2.7 Unarmed Combat
 + Level 9.7 Spellcasting
 + Level 2.2 Conjurations
 + Level 2.2 Hexes
 + Level 2.2 Charms
 + Level 2.2 Summonings
 + Level 2.2 Necromancy
 + Level 2.2 Translocations
 + Level 2.2 Transmutations
 + Level 2.2 Fire Magic
 + Level 2.2 Ice Magic
 + Level 5.9 Air Magic
 + Level 3.1 Earth Magic
 + Level 2.2 Poison Magic
 + Level 3.0 Invocations
 + Level 3.8 Evocations


You had 19 spell levels left.
You knew the following spells:

 Your Spells              Type           Power        Failure   Level  Hunger
a - Shock                 Conj/Air       ###.         2%          1    None
b - Swiftness             Chrm/Air       ###.....     4%          2    None
c - Summon Guardian Gole  Hex/Summ       ##......     17%         3    ##.....

Your spell library contained the following spells:

 Spells                   Type           Power        Failure   Level  Hunger
 Lightning Bolt           Conj/Air       ###.......   58%         5    #####..
 Summon Small Mammal      Summ           ##..         6%          1    None
 Airstrike                Air            ###.......   12%         4    ####...
 Static Discharge         Conj/Air       ###.....     8%          3    ##.....


Dungeon Overview and Level Annotations

Branches:
Dungeon (5/15)
 Temple: D:4-7

Altars:


Innate Abilities, Weirdness & Mutations

Your experience applies equally to all skills.
You have very sharp teeth.
Your uncanny sense of smell can sniff out nearby items.


Message History

You hit the ogre.
The ogre is poisoned.
The ogre is lightly wounded.
The ogre hits you with a giant club!!
You sock the ogre! You freeze the ogre.
The ogre is heavily wounded.
The ogre hits you with a giant club!
* * * LOW HITPOINT WARNING * * *
You are too injured to fight recklessly!
You are too injured to fight recklessly!
You are too injured to fight recklessly!
You are too injured to fight recklessly!
You are too injured to fight recklessly!
You are too injured to fight recklessly!
You are too injured to fight recklessly!
You are too injured to fight recklessly!
You are too injured to fight recklessly!
You sock the ogre!
You feel better.
The ogre is almost dead.
The ogre hits you with a giant club!!
You die...

#.........#.#
#........... ..
#.........#.## .####
∆
#............###....
##.#.....#. #......#
.........#.##......#
.....###.#.........#
.....# #.# #......#
########.####...@O.#
#........######
#.#####.......# #.#
#.#####.# #.#
#.#####.# # #.#
#.##[...# # #.#
#.##.##.# # ##
#.#####.##.##.... .#
#.............###


You could see an ogre.

Vanquished Creatures
  Grinder (D:5)
  An ice beast (D:5)
  A necrophage (D:5)
  2 ogres
  A scorpion (D:5)
  Crazy Yiuf (D:2)
  Jessica (D:2)
  A worker ant zombie (D:5)
  4 adders (D:3)
  2 oozes
  2 worms
  2 dart slugs (D:2)
  7 leopard geckos
  An orc (D:4)
  6 giant cockroaches
  9 hobgoblins
  6 jackals
  2 quokkas (D:2)
  11 bats
  5 frilled lizards
  16 goblins
  10 kobolds
  A leopard gecko zombie (D:5)
  8 rats
101 creatures vanquished.

Notes
Turn   | Place    | Note
-------+----------+-------------------------------------------
     0 | D:1      | Reached skill level 9 in Spellcasting
     0 | D:1      | galech the Gnoll Wanderer began the quest for the Orb.
     0 | D:1      | galech set off with: a scroll of teleportation, a +0 robe, a +0 club, a ration
     0 | D:1      | Reached XP level 1. HP: 13/13 MP: 10/10
     2 | D:1      | Learned a level 1 spell: Shock
   525 | D:1      | Reached XP level 2. HP: 19/19 MP: 9/12
  1245 | D:1      | Reached XP level 3. HP: 23/25 MP: 13/13
  1585 | D:2      | Noticed Jessica
  1589 | D:2      | Killed Jessica
  1589 | D:2      | Reached skill level 1 in Fighting
  1589 | D:2      | Reached skill level 1 in Short Blades
  1589 | D:2      | Reached skill level 1 in Long Blades
  1589 | D:2      | Reached skill level 1 in Axes
  1589 | D:2      | Reached skill level 1 in Maces & Flails
  1589 | D:2      | Reached skill level 1 in Polearms
  1589 | D:2      | Reached skill level 1 in Staves
  1589 | D:2      | Reached skill level 1 in Slings
  1589 | D:2      | Reached skill level 1 in Bows
  1589 | D:2      | Reached skill level 1 in Crossbows
  1589 | D:2      | Reached skill level 1 in Armour
  1589 | D:2      | Reached skill level 1 in Dodging
  1589 | D:2      | Reached skill level 1 in Stealth
  1589 | D:2      | Reached skill level 1 in Shields
  1589 | D:2      | Reached skill level 1 in Unarmed Combat
  1589 | D:2      | Reached skill level 1 in Invocations
  1589 | D:2      | Reached XP level 4. HP: 32/32 MP: 10/15
  1841 | D:2      | Learned a level 2 spell: Swiftness
  1870 | D:2      | Found a runed door.
  2464 | D:2      | Reached skill level 1 in Conjurations
  2464 | D:2      | Reached skill level 1 in Hexes
  2464 | D:2      | Reached skill level 1 in Charms
  2464 | D:2      | Reached skill level 1 in Summonings
  2464 | D:2      | Reached skill level 1 in Necromancy
  2464 | D:2      | Reached skill level 1 in Translocations
  2464 | D:2      | Reached skill level 1 in Transmutations
  2464 | D:2      | Reached skill level 1 in Fire Magic
  2464 | D:2      | Reached skill level 1 in Ice Magic
  2464 | D:2      | Reached skill level 1 in Poison Magic
  2861 | D:3      | Reached XP level 5. HP: 37/37 MP: 16/16
  2871 | D:3      | Learned a level 3 spell: Summon Guardian Golem
  3920 | D:2      | Noticed Crazy Yiuf
  3946 | D:2      | Killed Crazy Yiuf
  4292 | D:4      | Noticed an ogre
  4616 | D:4      | Killed an ogre
  4616 | D:4      | Reached XP level 6. HP: 36/44 MP: 18/18
  4827 | D:5      | Entered Level 5 of the Dungeon
  5103 | D:5      | Noticed an ice beast
  5115 | D:5      | Killed an ice beast
  5115 | D:5      | Reached XP level 7. HP: 43/50 MP: 20/20
  5215 | D:5      | Noticed Grinder
  5228 | D:5      | Paralysed by Grinder for 3 turns
  5236 | D:5      | Killed Grinder
  5546 | D:5      | Mangled by an ogre

Vault maps used:
D:1:      grunt_arrival_lava_bath
D:2:      cheibrodos_greedy_goblins, nicolae_overflow_hidden_temple,
          uniq_crazy_yiuf_cottage, uniq_jessica
D:3:      first_ration
D:5:      tgw_trog, temple_hall, serial_shops,
          nicolae_shop_competitors_out_of_business, uniq_grinder

Skill      XL: |  1  2  3  4  5  6  7 |
---------------+----------------------+-----
Spellcasting   | |  9.7
Earth Magic    | 2 3 |  3.1
Fighting       | 1 2 |  2.7
Short Blades   | 1 2 |  2.7
Long Blades    | 1 2 |  2.7
Axes           | 1 2 |  2.7
Maces & Flails | 1 2 |  2.7
Polearms       | 1 2 |  2.7
Staves         | 1 2 |  2.7
Slings         | 1 2 |  2.7
Bows           | 1 2 |  2.7
Crossbows      | 1 2 |  2.7
Armour         | 1 2 |  2.7
Dodging        | 1 2 |  2.7
Stealth        | 1 2 |  2.7
Shields        | 1 2 |  2.7
Unarmed Combat | 1 2 |  2.7
Invocations    | 1 2 3 |  3.0
Conjurations   | 1 2 |  2.2
Hexes          | 1 2 |  2.2
Charms         | 1 2 |  2.2
Summonings     | 1 2 |  2.2
Necromancy     | 1 2 |  2.2
Translocations | 1 2 |  2.2
Transmutations | 1 2 |  2.2
Fire Magic     | 1 2 |  2.2
Ice Magic      | 1 2 |  2.2
Poison Magic   | 1 2 |  2.2
Throwing       | 3 |  3.8
Evocations     | 3 |  3.8
Air Magic      | |  5.9

Action                   |  1- 3 |  4- 6 |  7- 9 || total
-------------------------+-------+-------+-------++-------
Melee: Club              |    14 |       |       ||    14
       Bite              |     7 |    23 |     4 ||    34
       Spear             |    51 |   225 |       ||   276
       Punch             |       |     4 |       ||     4
       Quarterstaff      |       |    19 |    34 ||    53
 Cast: Shock             |    22 |    25 |       ||    47
       Summon Guardian G |       |     1 |       ||     1
 Stab: Sleeping          |     2 |     5 |     1 ||     8
       Distracted        |       |     1 |       ||     1
       Paralysed         |       |       |     4 ||     4
  Eat: Chunk             |     2 |    11 |     2 ||    15
Armor: Robe              |     6 |    17 |       ||    23
       Leather armour    |       |    50 |     4 ||    54
Dodge: Dodged            |    37 |   149 |    14 ||   200

Table legend:
 A = Spawn XP
 B = Non-spawn XP
 C = Spawn XP percentage of total XP
 D = Spawn monster count
 E = Non-spawn monster count
 F = Spawn count percentage of total count
 G = Total turns spent on level
                    A         B        C        D         E        F      G
               +---------+---------+-------+---------+---------+-------+---------
         Total |       0 |    1150 |   0.0 |       0 |     101 |   0.0 |  5546
               +---------+---------+-------+---------+---------+-------+---------
           D:1 |       0 |      42 |   0.0 |       0 |      25 |   0.0 |  1521
           D:2 |       0 |     160 |   0.0 |       0 |      43 |   0.0 |  1646
           D:3 |       0 |      86 |   0.0 |       0 |      20 |   0.0 |  1234
           D:4 |       0 |     126 |   0.0 |       0 |       3 |   0.0 |   426
           D:5 |       0 |     736 |   0.0 |       0 |      10 |   0.0 |   719
               +---------+---------+-------+---------+---------+-------+---------
